 Dungeon Crawl Stone Soup version 0.21-a0-442-g848f44b (webtiles) character file.

33224 zero the Severer (level 13, 0/114 HPs)
             Began as a Minotaur Fighter on Nov 15, 2017.
             Was a High Priest of Okawaru.
             Splashed with acid (16 damage)
             ... on level 6 of the Lair of Beasts.
             The game lasted 00:06:05 (16946 turns).

zero the Severer (Minotaur Fighter)                Turns: 16946, Time: 00:06:06

Health: 0/114      AC: 21    Str: 25    XL:     13   Next: 35%
Magic:  19/19      EV: 11    Int:  5    God:    Okawaru [*****.]
Gold:   1012       SH: 14    Dex: 11    Spells: 12/12 levels left

rFire    + . .     SeeInvis +   o - +6 broad axe (chop)
rCold    . . .     Gourm    .   c - +0 shield
rNeg     . . .     Faith    .   E - +0 plate armour
rPois    .         Spirit   .   (helmet restricted)
rElec    .         Reflect  .   b - +0 cloak
rCorr    .         Harm     .   q - +1 pair of gloves "Goanoj" {MR+}
MR       +....                  (no boots)
Stlth    ..........             (no amulet)
HPRegen  0.29/turn              B - ring of see invisible
MPRegen  0.16/turn              h - ring of protection from fire

@: about to teleport, heroism, finesse
A: retaliatory headbutt, fangs 1, horns 2, blink
a: Blink, Heroism, Finesse, Renounce Religion


You were on level 6 of the Lair of Beasts.
You worshipped Okawaru.
Okawaru was extremely pleased with you.
You were not hungry.

You visited 3 branches of the dungeon, and saw 18 of its levels.

You collected 1115 gold pieces.
You spent 103 gold pieces at shops.


Innate Abilities, Weirdness & Mutations

You reflexively headbutt those who attack you in melee.
You have a pair of horns on your head.
You have very sharp teeth.
You can translocate small distances at will.


   Skills:
 + Level 10.6(15.6) Fighting
 - Level 17.0(22.0) Axes
 - Level 10.0(15.0) Armour
 - Level 4.0(9.0) Dodging
 - Level 10.3(15.3) Shields
 - Level 10.1 Invocations


You had 12 spell levels left.
You didn't know any spells.

Inventory:

Hand Weapons
 o - a +6 broad axe of chopping (weapon)
 u - a +2 flail of protection
Missiles
 i - 10 tomahawks
 n - 3 poisoned tomahawks
 y - 5 javelins (quivered)
Armour
 b - a +0 cloak (worn)
 c - a +0 shield (worn)
 q - the +1 pair of gloves "Goanoj" (worn) {MR+}
   (You acquired it on level 4 of the Lair of Beasts)

   It affects your resistance to hostile enchantments.
 C - the +0 pair of gloves of zero's Prudence {+Inv rElec Stlth+}
   (Okawaru gifted it to you on level 5 of the Lair of Beasts)

   It insulates you from electricity.
   It lets you turn invisible.
   It makes you more stealthy.
 E - a +0 plate armour (worn)
Jewellery
 g - an uncursed ring of ice
 h - a ring of protection from fire (right hand)
 m - an uncursed ring of ice
 t - an uncursed ring of fire
 B - a ring of see invisible (left hand)
 Y - a +2 ring of evasion
Wands
 s - a wand of confusion (26/48)
Scrolls
 f - a scroll of blinking
 k - a scroll of identify
 l - 4 scrolls of remove curse
 r - 3 scrolls of recharging
Potions
 a - 4 potions of curing
 d - a potion of might
 x - a potion of mutation
Comestibles
 e - 2 royal jellies
 p - 19 chunks of flesh
 v - 11 meat rations
 w - 15 bread rations
 A - 5 fruits

Dungeon Overview and Level Annotations

Branches:
Dungeon (11/15)            Temple (1/1) D:6            Lair (6/6) D:11
 Shoals (0/4) Lair:2        Snake (0/4) Lair:4        Slime (0/5) Lair:6
    Orc: D:9-12

Altars:
Ashenzari
Cheibriados
Dithmenos
Elyvilon
Fedhas
Gozag
Hepliaklqana
Kikubaaqudgha
Makhleb
Nemelex Xobeh
Okawaru
Qazlal
Ru
Sif Muna
Trog
Uskayaw
Vehumet
Wu Jian
Xom
Yredelemnul
Zin
The Shining One

Shops:
D:4 [

Portals:
Trove: D:10 (give 12 potions of heal wounds)

Annotations:
D:3 1 runed door
Lair:5 1 runed door


Message History

You throw a javelin. The javelin hits the jelly!
The jelly is severely wounded.
You are splashed with acid!
The wall burns you!
A lindwurm comes into view.
You are splashed with acid!
The wall burns you!
You are splashed with acid!
The wall burns you!
You are splashed with acid!
The wall burns you!
There is a staircase to the Slime Pits here.
The lindwurm roars!
You slash the jelly!
You kill the jelly!
Okawaru accepts your kill.
You hear a bellow!
You are splashed with acid!
The wall burns you!
You are splashed with acid!
The walls burn you!
The wall burns the lindwurm!
16946 ||| READING scroll of teleportation.
As you read the scroll of teleportation, it crumbles to dust.
You feel strangely unstable.
You are splashed with acid!
The walls burn you!
You die...

###........###..
#.#.........#....
.#................
#.............P...
#.....#.#.......#
................##
#....#....k#(....P#
#.......>.@(.....P#
#..........#...P..#
##.........%..$...P#
.......#.#.......##
#...............#
##............(..#
##.........#.P.#..
###.......###....
####.?.....# ...#


You could see a lindwurm.

Vanquished Creatures
  Erolcha (D:10)
  Fannar (D:11)
  2 hydras
  Harold (Lair:1)
  Erica (D:11)
  6 death yaks (Lair:3)
  Urug (Lair:4)
  Nergalle (Lair:1)
  An unseen horror (D:11)
  Pikel (D:7)
  2 ugly things
  2 black mambas (Lair:5)
  2 merfolk sirens (Lair:2)
  8 elephants
  5 spiny frogs
  A rime drake (Lair:6)
  3 komodo dragons
  2 ice devils (Lair:1)
  2 merfolk (Lair:2)
  A troll (D:9)
  A polar bear (Lair:5)
  8 hippogriffs
  2 wyverns
  2 hogs (D:7)
  Grum (Lair:1)
  A human (D:7)
  27 yaks
  6 basilisks
  2 hungry ghosts
  3 porcupines
  7 water moccasins
  7 ice beasts
  4 orc warriors
  6 sky beasts
  A slave (D:7)
  2 black bears
  2 phantoms (D:9)
  2 wolves (Lair:1)
  7 ogres
  4 centaurs
  6 crocodiles
  12 bullfrogs
  2 big kobolds (D:8)
  A wyvern skeleton (D:8)
  2 scorpions
  6 killer bees (D:8)
  A howler monkey (D:9)
  3 crimson imps
  A bullfrog zombie (D:7)
  4 hounds
  5 jellies
  5 orc wizards
  3 orc priests
  3 bullfrog skeletons
  A centaur skeleton (D:4)
  A gnoll shaman (D:7)
  Terence (D:3)
  4 iguanas
  10 worker ants
  A hound zombie (D:5)
  A hound skeleton (D:7)
  8 gnolls
  A worker ant zombie (D:11)
  15 adders
  5 oozes
  An adder zombie (D:7)
  5 worms
  A dart slug (D:2)
  10 leopard geckos
  41 orcs
  8 bats
  5 giant cockroaches
  8 goblins
  5 hobgoblins
  5 jackals
  19 kobolds
  A quokka (D:4)
  A ball python (D:3)
  3 frilled lizards
  A giant cockroach zombie (D:5)
  A jackal skeleton (D:4)
  7 rats
  2 fungi (Lair:5)
365 creatures vanquished.

Vanquished Creatures (others)
  An elephant (Lair:6)
  A water moccasin (Lair:6)
  A plant (Lair:2)
3 creatures vanquished.

Grand Total: 368 creatures vanquished

Notes
Turn   | Place    | Note
-------+----------+-------------------------------------------
     0 | D:1      | zero the Minotaur Fighter began the quest for the Orb.
     0 | D:1      | Reached XP level 1. HP: 19/19 MP: 0/0
     0 | D:1      | 0 ||| counter = 15
   102 | D:1      | Reached skill level 3 in Axes
   168 | D:1      | Reached XP level 2. HP: 26/26 MP: 1/1
   468 | D:1      | Reached skill level 4 in Axes
   740 | D:1      | 740 ||| READING scroll labeled ORENUE YCIDUO.
   741 | D:1      | 741 ||| READING scroll labeled ASCHUX WOPEO.
   777 | D:2      | Reached XP level 3. HP: 24/31 MP: 2/2
  1048 | D:2      | Reached skill level 5 in Axes
  1105 | D:2      | 1105 ||| DROPPING club.
  1245 | D:2      | Reached skill level 1 in Dodging
  1297 | D:2      | Reached XP level 4. HP: 39/39 MP: 3/3
  1456 | D:2      | Found a hazy altar of Hepliaklqana.
  1872 | D:2      | 1872 ||| READING scroll labeled AMIEB CIGGOM.
  1876 | D:2      | 1876 ||| READING 4 scrolls labeled KUMMED NOGIJAR.
  1877 | D:2      | 1877 ||| READING 3 scrolls of identify.
  1877 | D:2      | 1877 ||| IDENTIFYING runed diamond ring
  1878 | D:2      | 1878 ||| DROPPING cursed -5 ring of evasion.
  1879 | D:2      | 1879 ||| READING 2 scrolls of identify.
  1879 | D:2      | 1879 ||| IDENTIFYING twisted ruby ring
  1880 | D:2      | 1880 ||| DROPPING cursed ring of teleportation.
  1881 | D:2      | 1881 ||| READING scroll of identify.
  1881 | D:2      | 1881 ||| IDENTIFYING ring of evasion
  1882 | D:2      | 1882 ||| UPGRADING to +2 ring of evasion.
  1911 | D:3      | Reached skill level 6 in Axes
  1911 | D:3      | Reached XP level 5. HP: 33/45 MP: 4/4
  1946 | D:3      | 1946 ||| STAIRDANCE
  2037 | D:3      | Noticed a phantom
  2067 | D:3      | 2067 ||| STAIRDANCE
  2110 | D:2      | 2110 ||| DRINKING 2 lumpy amethyst potions.
  2211 | D:2      | 2211 ||| DROPPING potion of lignification.
  2218 | D:3      | 2218 ||| STAIRDANCE
  2509 | D:3      | Reached skill level 7 in Axes
  2785 | D:3      | Noticed Terence
  2794 | D:3      | Killed Terence
  3021 | D:3      | Reached XP level 6. HP: 52/52 MP: 5/5
  3060 | D:3      | Found a runed door.
  3246 | D:3      | 3246 ||| UPGRADING to chain mail.
  3256 | D:3      | 3256 ||| DROPPING +0 scale mail.
  3257 | D:3      | 3257 ||| READING scroll of identify.
  3257 | D:3      | 3257 ||| IDENTIFYING blackened pearl amulet
  3258 | D:3      | 3258 ||| DROPPING cursed amulet of the gourmand.
  3308 | D:4      | Found Peduyc's Antique Armour Boutique.
  3347 | D:4      | 3347 ||| SHOPLISTING +2 hat of the Bear Spirit {Spirit, +Rage rN+ MR++} (899 gold, have 159).
  3347 | D:4      | Bought a cloak for 103 gold pieces
  3501 | D:4      | Reached skill level 8 in Axes
  3964 | D:4      | Reached XP level 7. HP: 56/59 MP: 6/6
  4106 | D:4      | 4106 ||| STAIRDANCE
  4160 | D:3      | 4160 ||| UPGRADING to cloak.
  4165 | D:3      | 4165 ||| DRINKING 4 bubbling grey potions.
  4166 | D:3      | 4166 ||| READING scroll of identify.
  4166 | D:3      | 4166 ||| IDENTIFYING cabochon ring
  4303 | D:5      | Entered Level 5 of the Dungeon
  4306 | D:5      | Reached skill level 9 in Axes
  4625 | D:5      | 4625 ||| STAIRDANCE
  4638 | D:4      | 4638 ||| STAIRDANCE
  4804 | D:3      | 4804 ||| READING scroll labeled POPRASM UMOMA.
  4898 | D:5      | Reached skill level 10 in Axes
  4898 | D:5      | Reached XP level 8. HP: 68/68 MP: 7/7
  4939 | D:5      | Reached skill level 6 in Fighting
  5110 | D:6      | Found a staircase to the Ecumenical Temple.
  5126 | Temple   | Entered the Ecumenical Temple
  5127 | Temple   | 5127 ||| Entered T.
  5163 | Temple   | Became a worshipper of Warmaster Okawaru
  5422 | D:6      | Got a slimy ring mail
  5483 | D:6      | Reached skill level 6 in Shields
  5545 | D:6      | 5545 ||| EATING royal jelly.
  5744 | D:6      | 5744 ||| Stepping ~*~*~tactically~*~*~ (water).
  5746 | D:6      | Reached * piety under Okawaru
  5746 | D:6      | Reached skill level 11 in Axes
  5991 | D:6      | Reached skill level 1 in Invocations
  6116 | D:6      | 6116 ||| READING 2 scrolls labeled DOETZIE FAJOESM.
  6117 | D:6      | 6117 ||| DRINKING 2 bubbling black potions.
  6118 | D:6      | 6118 ||| DROPPING scroll of amnesia.
  6119 | D:6      | 6119 ||| DROPPING potion of degeneration.
  6151 | D:7      | 6151 ||| STAIRDANCE
  6157 | D:7      | 6157 ||| STAIRDANCE
  6197 | D:7      | Reached XP level 9. HP: 71/78 MP: 9/9
  6229 | D:7      | 6229 ||| SWAPPING to runed war axe.
  6253 | D:7      | 6253 ||| INVOKING Heroism.
  6295 | D:7      | Reached skill level 3 in Invocations
  6500 | D:7      | 6500 ||| INVOKING Heroism.
  6610 | D:7      | Reached ** piety under Okawaru
  6611 | D:7      | 6611 ||| STAIRDANCE
  6660 | D:6      | 6660 ||| READING scroll labeled KAULAJEQEXT.
  6661 | D:6      | 6661 ||| SWAPPING to +1 war axe.
  6662 | D:6      | 6662 ||| DROPPING +0 war axe.
  6663 | D:6      | 6663 ||| UPGRADING to slimy ring mail.
  6673 | D:6      | Identified the +2 ring mail of the Evening Star {Dex+3} (You found it on level 6 of the Dungeon)
  6673 | D:6      | 6673 ||| UPGRADING to +0 chain mail.
  6683 | D:6      | 6683 ||| DROPPING +2 ring mail of the Evening Star {Dex+3}.
  6684 | D:6      | 6684 ||| UPGRADING to plate armour.
  6694 | D:6      | 6694 ||| DROPPING +0 chain mail.
  6695 | D:6      | 6695 ||| READING scroll labeled DALAYW KASIRPH.
  7062 | D:7      | Reached skill level 6 in Armour
  7321 | D:7      | Noticed Pikel
  7324 | D:7      | 7324 ||| INVOKING Heroism.
  7344 | D:7      | Killed Pikel
  7344 | D:7      | Reached skill level 12 in Axes
  7347 | D:7      | 7347 ||| DROPPING mace.
  7386 | D:7      | 7386 ||| EATING 8 bread rations.
  7564 | D:7      | 7564 ||| INVOKING Heroism.
  7573 | D:7      | Reached XP level 10. HP: 80/88 MP: 9/12
  7577 | D:7      | Reached *** piety under Okawaru
  7747 | D:7      | 7747 ||| DRINKING 2 black potions.
  7748 | D:7      | 7748 ||| DROPPING potion of agility.
  7773 | D:8      | 7773 ||| STAIRDANCE
  7786 | D:8      | 7786 ||| STAIRDANCE
  7819 | D:8      | 7819 ||| UPGRADING to whip of flaming.
  7820 | D:8      | 7820 ||| SWAPPING to +1 war axe.
  7840 | D:8      | 7840 ||| DRINKING 3 potions of curing.
  7840 | D:8      | 7840 ||| (to cure confusion)
  7841 | D:8      | 7841 ||| INVOKING Heroism.
  7966 | D:8      | 7966 ||| INVOKING Heroism.
  8282 | D:8      | 8282 ||| READING scroll of enchant weapon.
  8282 | D:8      | 8282 ||| ENCHANTING +1 war axe.
  8457 | D:8      | 8457 ||| UPGRADING to thick sapphire amulet.
  8458 | D:8      | 8458 ||| REMOVING amulet of magic regeneration.
  8459 | D:8      | 8459 ||| DROPPING amulet of magic regeneration.
  8460 | D:8      | 8460 ||| UPGRADING to steel ring.
  8461 | D:8      | 8461 ||| UPGRADING to glass ring.
  8463 | D:8      | 8463 ||| REMOVING ring of fire.
  8464 | D:8      | 8464 ||| UPGRADING to +2 ring of evasion.
  8465 | D:8      | 8465 ||| READING scroll labeled ONIBAA ELAORR.
  8466 | D:8      | 8466 ||| DRINKING 2 red potions.
  8567 | D:8      | 8567 ||| DRINKING 2 inky potions.
  8568 | D:8      | 8568 ||| DROPPING potion of ambrosia.
  8577 | D:9      | 8577 ||| STAIRDANCE
  8610 | D:9      | 8610 ||| INVOKING Heroism.
  8611 | D:9      | 8611 ||| STAIRDANCE
  8678 | D:9      | 8678 ||| STAIRDANCE
  8685 | D:8      | Reached skill level 13 in Axes
  8715 | D:9      | 8715 ||| STAIRDANCE
  8801 | D:9      | 8801 ||| STAIRDANCE
  9025 | D:9      | 9025 ||| INVOKING Heroism.
  9214 | D:9      | 9214 ||| INVOKING Heroism.
  9223 | D:9      | Reached skill level 9 in Fighting
  9236 | D:9      | Noticed a brown ugly thing
  9311 | D:9      | 9311 ||| INVOKING Heroism.
  9426 | D:9      | 9426 ||| INVOKING Heroism.
  9431 | D:9      | 9431 ||| READING scroll of teleportation.
  9434 | D:9      | Killed a brown ugly thing
  9434 | D:9      | Reached **** piety under Okawaru
  9434 | D:9      | Reached skill level 9 in Shields
  9435 | D:9      | 9435 ||| STAIRDANCE
  9784 | D:10     | Entered Level 10 of the Dungeon
  9951 | D:10     | Noticed Erolcha
  9957 | D:10     | 9957 ||| INVOKING Heroism.
  9969 | D:10     | Killed Erolcha
  9969 | D:10     | Reached XP level 11. HP: 80/97 MP: 11/13
 10375 | D:10     | Found a portal to a secret trove of treasure.
 10453 | D:10     | 10453 ||| DRINKING 2 sedimented sapphire potions.
 10454 | D:10     | 10454 ||| DROPPING potion of brilliance.
 10501 | D:11     | Found a staircase to the Lair.
 10503 | D:11     | 10503 ||| INVOKING Heroism.
 10510 | D:11     | Killed an unseen horror
 10510 | D:11     | Reached ***** piety under Okawaru
 10516 | D:11     | Reached skill level 6 in Invocations
 10650 | D:11     | Noticed Erica
 10651 | D:11     | 10651 ||| INVOKING Heroism.
 10669 | D:11     | Killed Erica
 10669 | D:11     | Reached skill level 14 in Axes
 10758 | D:11     | 10758 ||| UPGRADING to flail.
 10759 | D:11     | 10759 ||| SWAPPING to +2 war axe.
 10760 | D:11     | 10760 ||| DROPPING +1 whip of flaming.
 10860 | D:11     | Noticed Fannar
 10881 | D:11     | 10881 ||| STAIRDANCE
 10996 | D:11     | 10996 ||| INVOKING Heroism.
 11006 | D:11     | Killed Fannar
 11006 | D:11     | Received a gift from Okawaru
 11006 | D:11     | Reached skill level 3 in Dodging
 11162 | D:11     | 11162 ||| SWAPPING to runed broad axe {god gift}.
 11163 | D:11     | 11163 ||| DROPPING +2 war axe.
 11177 | D:11     | 11177 ||| INVOKING Heroism.
 11296 | D:11     | 11296 ||| INVOKING Heroism.
 11357 | D:11     | 11357 ||| DROPPING +0 flail.
 11358 | D:11     | 11358 ||| UPGRADING to flail of protection.
 11359 | D:11     | 11359 ||| SWAPPING to +5 broad axe of chopping.
 11377 | D:11     | Found a hide-covered altar of Uskayaw.
 11448 | D:11     | Noticed a cyan ugly thing
 11467 | D:11     | 11467 ||| STAIRDANCE
 11470 | D:10     | 11470 ||| INVOKING Heroism.
 11473 | D:10     | HP: 18/97 [cyan ugly thing (12)]
 11474 | D:10     | 11474 ||| DRINKING potion of heal wounds.
 11475 | D:10     | Killed a cyan ugly thing
 11682 | D:10     | 11682 ||| UPGRADING to ring of ice.
 11684 | D:10     | 11684 ||| REMOVING ring of ice.
 11685 | D:10     | 11685 ||| UPGRADING to +2 ring of evasion.
 11691 | D:11     | 11691 ||| STAIRDANCE
 11775 | Lair:1   | Entered Level 1 of the Lair of Beasts
 11776 | Lair:1   | 11776 ||| Entered L.
 11776 | Lair:1   | 11776 ||| STAIRDANCE
 11952 | Lair:1   | Noticed Harold
 11955 | Lair:1   | 11955 ||| INVOKING Heroism.
 11976 | Lair:1   | 11976 ||| INVOKING Heroism.
 11977 | Lair:1   | Killed Harold
 12101 | Lair:1   | 12101 ||| INVOKING Heroism.
 12102 | Lair:1   | Noticed Grum
 12104 | Lair:1   | Received a gift from Okawaru
 12110 | Lair:1   | Killed Grum
 12130 | Lair:1   | Got a pair of warped boots {god gift}
 12347 | Lair:1   | Noticed Nergalle
 12351 | Lair:1   | 12351 ||| INVOKING Heroism.
 12360 | Lair:1   | Killed Nergalle
 12704 | Lair:1   | 12704 ||| UPGRADING to pair of warped boots {god gift}.
 12709 | Lair:1   | Identified the +1 pair of boots of Noza {-Tele Str+8 Dex+4} (Okawaru gifted it to you on level 1 of the Lair of Beasts)
 12709 | Lair:1   | 12709 ||| UPGRADING to pair of gloves.
 12714 | Lair:1   | 12714 ||| REMOVING +1 pair of boots of Noza {-Tele Str+8 Dex+4}.
 12719 | Lair:1   | 12719 ||| DROPPING +1 pair of boots of Noza {-Tele Str+8 Dex+4}.
 12720 | Lair:1   | 12720 ||| READING scroll labeled TAUDWUEDEKO.
 12721 | Lair:1   | 12721 ||| READING scroll labeled UTOKLIETETS.
 12722 | Lair:1   | 12722 ||| READING 2 scrolls of identify.
 12722 | Lair:1   | 12722 ||| IDENTIFYING smoky orange potion
 12723 | Lair:1   | 12723 ||| DROPPING potion of invisibility.
 12914 | Lair:2   | Reached XP level 12. HP: 104/104 MP: 17/17
 13031 | Lair:2   | Found a staircase to the Shoals.
 13044 | Lair:2   | Reached skill level 9 in Invocations
 13045 | Lair:2   | 13045 ||| Stepping ~*~*~tactically~*~*~ (water).
 13050 | Lair:2   | 13050 ||| Stepping ~*~*~tactically~*~*~ (water).
 13257 | Lair:2   | 13257 ||| Stepping ~*~*~tactically~*~*~ (water).
 13278 | Lair:2   | Noticed a six-headed hydra
 13291 | Lair:2   | 13291 ||| INVOKING Heroism.
 13292 | Lair:2   | 13292 ||| INVOKING Finesse.
 13294 | Lair:2   | 13294 ||| SWAPPING to +2 flail of protection.
 13304 | Lair:2   | Killed a six-headed hydra
 13304 | Lair:2   | Reached skill level 9 in Armour
 13305 | Lair:2   | 13305 ||| SWAPPING to +5 broad axe of chopping.
 13710 | Lair:2   | 13710 ||| EATING 5 royal jellies.
 13758 | Lair:2   | 13758 ||| READING 3 scrolls labeled YCVUCILIAKK.
 13759 | Lair:2   | 13759 ||| DROPPING 2 scrolls of fear.
 13793 | Lair:3   | 13793 ||| INVOKING Heroism.
 13866 | Lair:3   | 13866 ||| STAIRDANCE
 13987 | Lair:3   | 13987 ||| READING scroll of enchant weapon.
 13987 | Lair:3   | 13987 ||| ENCHANTING +5 broad axe of chopping.
 14074 | Lair:3   | Noticed a death yak
 14075 | Lair:3   | 14075 ||| INVOKING Heroism.
 14076 | Lair:3   | 14076 ||| INVOKING Finesse.
 14077 | Lair:3   | Noticed a death yak
 14083 | Lair:3   | Killed a death yak
 14083 | Lair:3   | Reached skill level 15 in Axes
 14086 | Lair:3   | Noticed a death yak
 14096 | Lair:3   | Noticed a death yak
 14099 | Lair:3   | Killed a death yak
 14110 | Lair:3   | Killed a death yak
 14112 | Lair:3   | Noticed a death yak
 14112 | Lair:3   | Noticed a death yak
 14115 | Lair:3   | Killed a death yak
 14127 | Lair:3   | Killed a death yak
 14133 | Lair:3   | Killed a death yak
 14133 | Lair:3   | Received a gift from Okawaru
 14284 | Lair:3   | Got a pitted chain mail
 14342 | Lair:3   | 14342 ||| EATING 4 royal jellies.
 14769 | Lair:3   | 14769 ||| UPGRADING to pitted chain mail.
 14779 | Lair:3   | Identified the +1 chain mail "Earthly Heaven" {rC- rN+++ Str-2 Int+3} (You found it on level 3 of the Lair of Beasts)
 14779 | Lair:3   | 14779 ||| UPGRADING to +0 plate armour.
 14789 | Lair:3   | 14789 ||| DROPPING +1 chain mail "Earthly Heaven" {rC- rN+++ Str-2 Int+3}.
 14790 | Lair:3   | 14790 ||| READING scroll labeled IZOLED XOS.
 14791 | Lair:3   | 14791 ||| DRINKING 2 ruby potions.
 14791 | Lair:3   | Gained mutation: You have very sharp teeth. [potion of mutation]
 14791 | Lair:3   | Gained mutation: You can translocate small distances at will. [potion of mutation]
 14792 | Lair:3   | 14792 ||| READING 2 scrolls of identify.
 14792 | Lair:3   | 14792 ||| IDENTIFYING murky dark potion
 14793 | Lair:3   | 14793 ||| DROPPING potion of flight.
 15092 | Lair:4   | 15092 ||| EATING 3 royal jellies.
 15229 | Lair:4   | Found a staircase to the Snake Pit.
 15429 | Lair:4   | Noticed Urug
 15439 | Lair:4   | Killed Urug
 15526 | Lair:4   | 15526 ||| INVOKING Heroism.
 15800 | Lair:4   | 15800 ||| READING scroll labeled YXTIUTE XEUXT.
 15800 | Lair:4   | Identified a scroll of acquirement
 15801 | Lair:4   | Got a pair of fine gloves
 15802 | Lair:4   | 15802 ||| UPGRADING to pair of fine gloves.
 15812 | Lair:4   | Identified the +1 pair of gloves "Goanoj" {MR+} (You acquired it on level 4 of the Lair of Beasts)
 15812 | Lair:4   | 15812 ||| DROPPING +0 pair of gloves.
 15892 | Lair:5   | 15892 ||| INVOKING Heroism.
 15895 | Lair:5   | Reached skill level 16 in Axes
 15940 | Lair:5   | Received a gift from Okawaru
 15940 | Lair:5   | Reached XP level 13. HP: 113/113 MP: 19/19
 15943 | Lair:5   | Got a pair of twisted gloves {god gift}
 16340 | Lair:5   | Found a runed door.
 16727 | Lair:5   | 16727 ||| UPGRADING to pair of twisted gloves {god gift}.
 16737 | Lair:5   | Identified the +0 pair of gloves of zero's Prudence {+Inv rElec Stlth+} (Okawaru gifted it to you on level 5 of the Lair of Beasts)
 16737 | Lair:5   | 16737 ||| UPGRADING to +1 pair of gloves "Goanoj" {MR+}.
 16747 | Lair:5   | 16747 ||| UPGRADING to glowing plate armour.
 16757 | Lair:5   | 16757 ||| DROPPING +0 plate armour.
 16758 | Lair:5   | 16758 ||| READING 5 scrolls of remove curse.
 16759 | Lair:5   | 16759 ||| UPGRADING to moonstone ring.
 16761 | Lair:5   | 16761 ||| UPGRADING to knobbly gilded ring.
 16763 | Lair:5   | 16763 ||| REMOVING ring of magical power.
 16764 | Lair:5   | 16764 ||| UPGRADING to +2 ring of evasion.
 16765 | Lair:5   | 16765 ||| DROPPING ring of magical power.
 16766 | Lair:5   | 16766 ||| UPGRADING to ring of see invisible.
 16785 | Lair:6   | Entered Level 6 of the Lair of Beasts
 16805 | Lair:6   | 16805 ||| INVOKING Heroism.
 16814 | Lair:6   | Reached skill level 17 in Axes
 16875 | Lair:6   | 16875 ||| INVOKING Heroism.
 16876 | Lair:6   | 16876 ||| INVOKING Finesse.
 16879 | Lair:6   | 16879 ||| SWAPPING to +2 flail of protection.
 16887 | Lair:6   | 16887 ||| SWAPPING to +6 broad axe of chopping.
 16908 | Lair:6   | Found a staircase to the Slime Pits.
 16945 | Lair:6   | HP: 15/114 [acid (20)]
 16946 | Lair:6   | 16946 ||| READING scroll of teleportation.
 16946 | Lair:6   | Splashed with acid

Vault maps used:
D:1:      ncdulo_watergridlock
D:2:      old_standard_altar, minmay_misc_feat_alley, hangedman_decor_points
D:3:      first_bread, uniq_terence, uniq_crazy_yiuf_cottage
D:4:      serial_shops, nicolae_shop_crystal, minmay_lizard_king
D:6:      temple_pool_b
D:7:      grunt_livestock, grunt_ministairs_10, grunt_decor_clamped,
          nzn_random_ring, uniq_pikel
D:9:      nrook_uturn
D:10:     nicolae_trove_entry_columns, hex_medium, uniq_erolcha
D:11:     david_lair_generic, basic_altar, uniq_fannar, uniq_erica
Temple:   nicolae_temple_the_god_donut
Lair:1:   portal_ice_cave_demonic_guard, infiniplex_staircase_pool_2,
          uniq_nergalle, uniq_grum, uniq_harold
Lair:2:   elwin_shoals_entry_rooms, serial_bayou_lagoon_a
Lair:3:   kennysheep_basilisk_garden
Lair:4:   dummy_snake_entry, uniq_urug
Lair:5:   pf_torpor_hydra
Lair:6:   cheibrodos_lair_end_hotspot, nicolae_slime_entry_slimehenge,
          uniq_rupert, uniq_snorg

Skill      XL: |  1  2  3  4  5  6  7  8  9 10 11 12 13 |
---------------+----------------------------------------+-----
Axes           | 3 4 5 6 7 8 10 11 12 13 14 16 17 | 17.0
Dodging        | 1 2 3 4 |  4.0
Fighting       | 4 5 6 7 9 10 | 10.6
Shields        | 4 5 6 7 9 10 | 10.3
Armour         | 4 6 7 8 9 10 | 10.0
Invocations    | 2 4 5 8 10 | 10.1

Action                   |  1- 3 |  4- 6 |  7- 9 | 10-12 | 13-15 || total
-------------------------+-------+-------+-------+-------+-------++-------
Melee: War axe           |    79 |   175 |   248 |   275 |       ||   777
       Headbutt          |     9 |    24 |    46 |   102 |    31 ||   212
       Broad axe         |       |       |       |   242 |    82 ||   324
       Flail             |       |       |       |     8 |     5 ||    13
       Bite              |       |       |       |     6 |    14 ||    20
Throw: Tomahawk          |       |    24 |    34 |    25 |       ||    83
       Javelin           |       |       |       |    66 |    37 ||   103
Invok: Heroism           |       |       |     4 |    23 |     2 ||    29
       Finesse           |       |       |       |     2 |     1 ||     3
  Use: Scroll            |     2 |     6 |     5 |    11 |     2 ||    26
       Potion            |       |     1 |     2 |     7 |       ||    10
  Eat: Chunk             |     1 |     8 |     9 |    19 |     3 ||    40
       Royal jelly       |       |       |     1 |     3 |       ||     4
       Bread ration      |       |       |     1 |       |       ||     1
Armor: Scale mail        |    29 |    40 |       |       |       ||    69
       Chain mail        |       |     8 |    61 |       |       ||    69
       Plate armour      |       |       |    20 |   140 |    21 ||   181
Dodge: Dodged            |    24 |    47 |    58 |   119 |    17 ||   265
Block: Shield            |    31 |    72 |   106 |   216 |    34 ||   459

Table legend:
 A = Spawn XP
 B = Non-spawn XP
 C = Spawn XP percentage of total XP
 D = Spawn monster count
 E = Non-spawn monster count
 F = Spawn count percentage of total count
 G = Total turns spent on level
                    A         B        C        D         E        F      G
               +---------+---------+-------+---------+---------+-------+---------
         Total |       0 |   47464 |   0.0 |       0 |     363 |   0.0 | 16946
               +---------+---------+-------+---------+---------+-------+---------
           D:1 |       0 |      34 |   0.0 |       0 |      17 |   0.0 |   765
           D:2 |       0 |     118 |   0.0 |       0 |      25 |   0.0 |  1333
           D:3 |       0 |     237 |   0.0 |       0 |      45 |   0.0 |  1469
           D:4 |       0 |     522 |   0.0 |       0 |      20 |   0.0 |   967
           D:5 |       0 |     773 |   0.0 |       0 |      12 |   0.0 |   560
           D:6 |       0 |    1030 |   0.0 |       0 |      18 |   0.0 |  1000
           D:7 |       0 |    3505 |   0.0 |       0 |      35 |   0.0 |  1450
           D:8 |       0 |    1447 |   0.0 |       0 |      33 |   0.0 |  1308
           D:9 |       0 |    2225 |   0.0 |       0 |      20 |   0.0 |   684
          D:10 |       0 |    2277 |   0.0 |       0 |       9 |   0.0 |  1051
          D:11 |       0 |    5144 |   0.0 |       0 |      33 |   0.0 |  1064
        Lair:1 |       0 |    4084 |   0.0 |       0 |      15 |   0.0 |   860
        Lair:2 |       0 |    4001 |   0.0 |       0 |      12 |   0.0 |  1057
        Lair:3 |       0 |    7566 |   0.0 |       0 |      17 |   0.0 |  1010
        Lair:4 |       0 |    3322 |   0.0 |       0 |      12 |   0.0 |  1006
        Lair:5 |       0 |    7318 |   0.0 |       0 |      23 |   0.0 |   953
        Lair:6 |       0 |    3861 |   0.0 |       0 |      17 |   0.0 |   161
               +---------+---------+-------+---------+---------+-------+---------
